[Event "Rapid Shavuot-A 2023"]
[Site "Ramat Gan"]
[Date "2023.05.25"]
[Round "1.1"]
[White "Yaniv, Ori"]
[Black "Alekseev, Evgeny"]
[Result "1-0"]
[ECO "B46"]
[WhiteElo "2156"]
[BlackElo "2564"]
[Annotator "TA"]
[PlyCount "72"]
[EventDate "2023.05.19"]
[EventType "swiss"]
[EventCountry "ISR"]
[SourceTitle "playchess.com"]
[Source "ChessBase"]
[SourceQuality "1"]
[TimeControl "900+5"]

1. e4 c5 2. Nf3 e6 3. d4 cxd4 4. Nxd4 Nc6 5. Nc3 a6 6. g3 Nxd4 {[%emt 0:00:17] B46: Sicilian: Taimanov: 5 Nc3 a6.} 7. Qxd4 b5 {[%emt 0:00:06] outshines the older 7...Ne7.} 8. Bg2 Bb7 {[%emt 0:00:02] White has an edge.} 9. O-O Ne7 10. Be3 Nc6 {[%emt 0:00:54] [#]} 11. Qb6 $146 ({Predecessor:} 11. Qd2 Rc8 12. a4 b4 13. Ne2 Be7 14. f4 O-O 15. Rfd1 d6 16. Qe1 Qc7 17. Rd2 {0-1 Sattarov,B (2433)-Barria Zuniga,D (2341) Speed Chess Q2 blitz 2022 (7)}) 11... Qxb6 12. Bxb6 Ne5 13. Bd4 f6 (13... Nc4 $5 ) 14. Ne2 Rc8 15. c3 {[%emt 0:00:02] [#]} (15. Rfc1 $11 {remains equal.}) 15... Nc4 $1 $17 16. a4 b4 17. cxb4 Bxb4 18. Rac1 (18. Rfd1 $15) 18... Ke7 19. Bc3 {[%emt 0:02:28] Against Nd2} a5 20. Rfd1 ({White should play} 20. Rc2) 20... Bxc3 21. Rxc3 Nxb2 22. Rb1 Nxa4 23. Rxc8 Bxc8 24. Ra1 Nb6 25. Rxa5 Nc4 26. Ra7 Nd6 27. f4 e5 28. Nc3 (28. Ra5 $15) 28... Bb7 29. fxe5 fxe5 30. Ra5 Rc8 31. Nd5+ (31. Rxe5+ $142 Kf6 32. Ra5) 31... Kd8 32. h4 Nc4 (32... Rc1+ $19 33. Kf2 Rc2+ 34. Kg1 h6) 33. Rb5 Nd6 (33... Bc6 $142 34. Rc5 Ba8 35. Rxc8+ Kxc8) 34. Ra5 Rc1+ {[%emt 0:00:02] Black is clearly better.} 35. Kh2 Rc2 {[%emt 0:00:09][%cal Od6c4] [#] ...Nc4! would be deadly.} 36. Kh3 Nc4 {[%emt 0:00:13][%mdl 32768] Weighted Error Value: White=0.15 (very precise) /Black=0.12 (very precise) . Loss on time!?} 1-0

[Event "Rapid Shavuot-A 2023"]
[Site "Ramat Gan"]
[Date "2023.05.25"]
[Round "1.2"]
[White "Parkhov, Yair"]
[Black "Uritsky, Yonathan"]
[Result "1-0"]
[ECO "D02"]
[WhiteElo "2505"]
[BlackElo "2118"]
[Annotator "TA"]
[PlyCount "42"]
[EventDate "2023.05.19"]
[EventType "swiss"]
[EventCountry "ISR"]
[SourceTitle "playchess.com"]
[Source "ChessBase"]
[SourceQuality "1"]
[TimeControl "900+5"]

1. d4 Nf6 2. Nf3 g6 3. Nbd2 d5 4. e3 Bg7 5. b4 O-O 6. c4 b6 {[%emt 0:00:33][%cal Oc7c5] D02: 1 d4 d5 2 Nf3 sidelines, including 2...Nf6 3 g3 and 2...Nf6 3 Bf4.} 7. Bb2 {[%emt 0:00:00] [#]} Ba6 $146 ({Predecessor:} 7... e6 8. c5 Ne4 9. Bd3 f5 10. Rc1 a5 11. cxb6 cxb6 12. b5 Nd7 13. Ba3 Re8 {0-1 Caruana,F (2781)-Weetik,V (2423) Titled Tuesday intern op 08th Mar Early blitz 2022 (3)}) 8. b5 Bb7 {[%emt 0:00:01] White is slightly better.} 9. a4 c5 10. dxc5 $1 bxc5 11. Be2 Nbd7 12. a5 Re8 (12... a6 $14) 13. O-O {[%emt 0:00:00] White is more active.} (13. a6 $16 Bc8 14. cxd5) 13... e5 $14 {[%emt 0:00:15][%cal Be7e5,Be5e4][%mdl 32] [#]} 14. a6 ({White should play} 14. cxd5 $1 $16 {e4 would be deadly.} e4 15. Ng5) 14... Bc8 $11 15. cxd5 {[%emt 0:00:00] e4 is the strong threat.} (15. Nb3 $5 ) 15... e4 $1 16. Ne1 $36 {[%emt 0:00:00][%mdl 2048] White has some pressure.} Nb6 17. Nc4 Nfxd5 18. Bxg7 Kxg7 19. Nxb6 axb6 (19... Nxb6 $11 20. Qc2 Bd7) 20. Nc2 (20. Qb3 $16) 20... Nc3 21. Qe1 Nxe2+ {[%emt 0:00:06][%mdl 32768] Weighted Error Value: White=0.21 (precise) /Black=0.22 (precise) . Loss on time!?} 1-0

[Event "Rapid Shavuot-A 2023"]
[Site "Ramat Gan"]
[Date "2023.05.25"]
[Round "1.3"]
[White "Iliaguev, Daniel"]
[Black "Dvoirys, Semen I."]
[Result "0-1"]
[ECO "A45"]
[WhiteElo "2134"]
[BlackElo "2470"]
[Annotator "TA"]
[PlyCount "98"]
[EventDate "2023.05.19"]
[EventType "swiss"]
[EventCountry "ISR"]
[SourceTitle "playchess.com"]
[Source "ChessBase"]
[SourceQuality "1"]
[TimeControl "900+5"]

1. d4 Nf6 2. Bg5 c5 3. d5 Qb6 4. Nc3 d6 5. e4 g6 (5... Qxb2 $11 6. Bd2 Qb6) 6. Nf3 {[%emt 0:03:22] [#] A45: Trompowsky Attack.} Qxb2 $146 ({Predecessor:} 6... Bg7 7. Bb5+ Bd7 8. a4 a6 9. a5 Qc7 10. Bd3 O-O 11. O-O Bg4 12. h3 Bxf3 13. Qxf3 {1-0 Cheparinov,I (2679)-Iturrizaga Bonelli,E (2528) Dos Hermanas Internet f 10th blitz 2009 (2.3)}) 7. Bxf6 (7. Nb5 $14 Nxe4 8. Rb1 (8. Nc7+ $2 Kd8 $19)) 7... exf6 $11 8. Nb5 {[%emt 0:00:19] Black has an edge.} ({Wrong is} 8. Bb5+ $2 Ke7 9. O-O (9. Kd2 $2 a6 $19) 9... Qxc3 $19) 8... Qb4+ 9. Qd2 (9. Nd2 $11 {keeps the balance.} Qa5 10. Qf3) 9... Na6 (9... Qxe4+ $17 10. Be2 Kd8) 10. a3 (10. Bd3 $11) 10... Qb2 $2 {[%emt 0:02:39][%mdl 8192] [#]} (10... Qxe4+ $17 {keeps the pressure on.} 11. Be2 Qe7) 11. Qd1 $1 $18 {[%emt 0:00:51] aiming for Rb1.} Bg4 {[%emt 0:00:18] [#]} 12. Rb1 $2 (12. c3 $1 $18) 12... Bxf3 $1 $15 13. Rxb2 Bxd1 14. Kxd1 Kd8 15. f3 Nb8 16. a4 Nd7 17. Na3 Kc7 18. Nb5+ Kc8 19. Na3 f5 20. exf5 Nb6 21. fxg6 ({White should play} 21. Rb3 $15) 21... hxg6 ({Don't do} 21... Nxd5 22. gxf7 Nc3+ 23. Kd2 Nxa4 24. Ra2 $14) 22. c4 (22. a5 $15 {feels stronger.} Nxd5 23. Rb3) 22... Nxa4 $17 23. Rb3 a6 24. Bd3 Bg7 25. h3 (25. Kd2 $17) 25... Nb2+ $19 26. Kc2 Nxd3 27. Kxd3 Kc7 28. Rhb1 Rab8 29. Nc2 Bh6 30. Ne3 Bxe3 31. Kxe3 {[%emt 0:00:02][%mdl 4096] Endgame KRR-KRR} Rhe8+ 32. Kd3 g5 33. Rb6 (33. g3 $142) 33... f5 34. Kd2 f4 35. R1b2 Re3 36. Rb1 a5 37. R1b2 $2 (37. R6b5 a4 38. Ra5) 37... a4 {[%emt 0:00:02] Threatens to win with ...a3. Black is clearly winning.} 38. R6b5 b6 {[%emt 0:00:05] ...a3 is the strong threat.} 39. Ra2 a3 40. Rb1 Rbe8 41. Rba1 Re2+ 42. Kd1 Re1+ 43. Kc2 Rxa1 44. Rxa1 {[%emt 0:00:02] KR-KR} Re2+ 45. Kd3 Re3+ ({Inferior is} 45... Rxg2 46. Rxa3 Kb7 47. Ra1 $17) 46. Kc2 {[%emt 0:00:04] [#]} b5 $1 47. cxb5 Kb6 48. Rb1 a2 {[%emt 0:00:04] ( -> ...Re2+)} 49. Ra1 Kxb5 {[%emt 0:00:03] Black used his chance.   Weighted Error Value: White=0.81/Black=0.39} 0-1

[Event "Rapid Shavuot-A 2023"]
[Site "Ramat Gan"]
[Date "2023.05.25"]
[Round "1.4"]
[White "Zanan, Evgeny"]
[Black "Andreev, Dmitri"]
[Result "1-0"]
[ECO "C41"]
[WhiteElo "2485"]
[BlackElo "2166"]
[Annotator "TA"]
[PlyCount "86"]
[EventDate "2023.05.19"]
[EventType "swiss"]
[EventCountry "ISR"]
[SourceTitle "playchess.com"]
[Source "ChessBase"]
[SourceQuality "1"]
[TimeControl "900+5"]

1. e4 d6 2. d4 Nf6 3. Nc3 e5 4. Nf3 Nbd7 5. Bc4 Be7 6. O-O O-O 7. Re1 c6 8. a4 b6 9. d5 cxd5 10. Nxd5 Bb7 11. c3 {[%emt 0:00:31] C41: Philidor Defence.} Rc8 12. Ba2 Nc5 13. Nxf6+ {[%emt 0:00:15] The position is equal.} Bxf6 14. Bd5 {[%emt 0:00:02] [#]} Bxd5 $146 ({Predecessor:} 14... Qd7 15. a5 b5 16. b4 Bxd5 17. bxc5 Ba8 18. Qxd6 Qxd6 19. cxd6 Rfd8 20. Ba3 Rxc3 {0-1 Horvath,A (2437)-Varga,Z (2518) Zalakaros op 18th 1999 (7)}) 15. Qxd5 Ne6 (15... Qd7 $11) 16. Be3 (16. Rd1 $14 {might be stronger.}) 16... Be7 (16... Nc7 $11 17. Qd3 Qd7) 17. a5 Qc7 18. axb6 axb6 19. Ra6 Rb8 20. Nd2 (20. Rea1 $16) 20... b5 (20... Qd7 $14) 21. Ra7 $16 Qd8 22. Nf3 b4 23. c4 {[%emt 0:00:07] White is much more active.} b3 24. Rea1 h6 25. h3 Re8 26. R1a3 Qc8 27. Nd2 Bg5 28. Bxg5 (28. Qxd6 $2 Rd8 29. Qxe5 Bxe3 30. fxe3 Rxd2 $19) (28. Nxb3 $6 Bxe3 29. fxe3 Qd8 $11) 28... hxg5 29. Rxb3 ({Much worse is} 29. Qxd6 Rd8 30. Qe7 Rxd2 $11) (29. g3 {keeps more tension.} g4 30. hxg4 Qd8 31. Rxb3 Qg5 32. Rxb8 Rxb8 33. Qxd6 Rxb2 34. Qd7) 29... Rxb3 30. Nxb3 {[%emt 0:00:01] Black must now prevent Na5.} Qb8 ({Black should try} 30... g4) 31. Qb7 (31. Rb7 $16 Qd8 32. g3) 31... Qxb7 $14 32. Rxb7 {[%emt 0:00:01][%mdl 4096] Endgame KRN-KRN} Rc8 {[%emt 0:00:11] [#]} (32... Ra8 $14) 33. Nd2 (33. Na5 $142 $1) 33... Rc6 (33... Ra8 $16) 34. g3 $18 Ra6 35. Kg2 Nc5 36. Rb8+ Kh7 37. Kf3 Ra1 {[%emt 0:00:03] This move loses the game for Black.} (37... g6 $16 {was worth a try.} 38. Nf1 Nd3) 38. Rb6 Nd3 (38... Ra2 $142 39. Ke3 (39. Rxd6 Rxb2 40. Kg4 f6 $16) 39... Ra6 40. Rxa6 Nxa6) 39. Ke2 (39. Rxd6 Nxb2 40. Kg4 Rc1 $16) 39... Nc1+ 40. Ke3 {[%emt 0:00:01][%cal Od2f3] aiming for Nf3!} Ra2 $2 {[%emt 0:00:05] [#]} (40... Ra4 41. Rxd6 Rb4) 41. Nf3 {[%emt 0:00:36] White is clearly winning.} ({Less strong is} 41. Rxd6 Rxb2 42. f4 exf4+ 43. gxf4 gxf4+ 44. Kxf4 Rc2 $16) 41... f6 42. Kd2 ({Stronger than} 42. Rxd6 Rxb2 43. Nd2 Rc2 $11) 42... Ra1 43. Ne1 Kg6 {[%emt 0:00:12] Weighted Error Value: White=0.16 (very precise) /Black=0.37} 1-0

[Event "Rapid Shavuot-A 2023"]
[Site "Ramat Gan"]
[Date "2023.05.25"]
[Round "1.5"]
[White "Orian, Noga"]
[Black "Bronstein, Or"]
[Result "0-1"]
[ECO "E11"]
[WhiteElo "2131"]
[BlackElo "2463"]
[Annotator "TA"]
[PlyCount "104"]
[EventDate "2023.05.19"]
[EventType "swiss"]
[EventCountry "ISR"]
[SourceTitle "playchess.com"]
[Source "ChessBase"]
[SourceQuality "1"]
[TimeControl "900+5"]

1. d4 d5 2. c4 e6 3. Nf3 Nf6 4. g3 Bb4+ 5. Bd2 Be7 6. Bg2 O-O 7. O-O c6 8. Bc3 {[%emt 0:00:02] E11: Bogo-Indian.} Nbd7 9. Nbd2 a5 10. a3 {[%emt 0:01:55] The position is equal.} b6 11. b4 Ba6 {[%emt 0:01:38] [#]} 12. Ne5 $146 ({Predecessor:} 12. Qb3 Qc7 13. Rfc1 Rfc8 14. e3 Qd8 15. bxa5 bxa5 16. c5 Rcb8 17. Qc2 Qc7 18. a4 {½-½ Markus,R (2650)-Nevednichy,V (2528) CRO-chT1A 26th 2017 (2.13)}) 12... Nxe5 13. dxe5 Nd7 14. Qc2 Qc7 15. f4 Rac8 16. Rfc1 (16. Qa2 $11) 16... Bxc4 $17 17. Nxc4 dxc4 18. bxa5 b5 19. Bb4 Nc5 20. Rab1 Nb3 21. Rd1 (21. Rxb3 $17 cxb3 22. Qxb3) 21... Nxa5 22. Bxe7 (22. Be4 $17) 22... Qxe7 $19 23. Rd6 Nb3 24. a4 (24. e3 $142) 24... Qa7+ ({Not} 24... bxa4 25. Qxc4 Qa7+ 26. Kh1 $17) 25. Kf1 Qxa4 ({Stronger than} 25... bxa4 26. Qxc4 Rb8 27. Rb2 $17) 26. Bxc6 g6 27. h4 {[%emt 0:00:02] [#]} Rxc6 $2 28. Rxc6 $17 Qa8 29. Rd6 Nc5 {[%emt 0:00:20][%cal Bb3c5,Bc5e4,Be4g3][%mdl 32] White must now prevent ...Ne4.} 30. Rxb5 $2 (30. Rd4 $17 {is a better defense.}) 30... Qh1+ $19 31. Kf2 Ne4+ 32. Ke3 Nxg3 33. Rb1 {[%emt 0:00:11] Repels Qg1+} Qxh4 34. Qxc4 Nf5+ 35. Kd2 Qf2 {[%emt 0:00:16][%mdl 1024] Black has strong compensation.} 36. Rd3 h5 (36... Ra8 $19 37. Rf3 Qh2) 37. Qe4 $17 Rc8 38. Qb7 $2 (38. Rc1 $17 {keeps fighting.} Rb8 39. Rcc3) 38... Qc5 $2 (38... Qxf4+ $19 39. Ke1 Rc4) 39. Qb3 $2 {[%emt 0:00:05] [#]} (39. Ke1 $15) 39... Kg7 $2 ({But not} 39... Qf2 $2 40. Qb7 Qxf4+ 41. Kd1 $19) ({Black should try} 39... Ra8 $1 $19 {Hoping for ...Qf2.} 40. e3 Qc6) 40. e3 $2 (40. Qc3 $15) 40... h4 $2 (40... Qc6 $19 41. Rc3 Qg2+ 42. Kc1 Rxc3+ 43. Qxc3 Qf1+ 44. Kb2 Qf2+ 45. Ka1 Nxe3) 41. Qc3 $15 {[%emt 0:00:06] [#]} Ng3 {[%emt 0:00:12] Dancing on a razor blade.} ({Better is} 41... Qf8 $1 $17 42. Qb4 Qe8) 42. Qxc5 $11 Rxc5 {[%emt 0:00:00][%mdl 4096] Endgame KRR-KRN} 43. Rd4 $2 (43. Ke1 $11) 43... h3 $19 44. Ke1 $2 (44. f5 exf5 45. Rh4) 44... h2 (44... Rc2 $142 {( -> ...h2)} 45. Rd2 h2 {[%mdl 64] X-Ray Attack} 46. Rxh2 Rxh2) 45. Kf2 h1=Q 46. Rxh1 Nxh1+ {[%emt 0:00:02] KRN-KR} 47. Kg2 Rc1 48. Ra4 Re1 49. Ra3 Kh6 {[%emt 0:00:02] Strongly threatening ...Kh5.} 50. Rb3 Kh5 {[%emt 0:00:03] Threatens to win with ...Kg4.} 51. e4 (51. Kf3 $142 Rf1+ 52. Kg2) 51... Kg4 52. Rf3 Re2+ {[%emt 0:00:03] Weighted Error Value: White=0.81/Black=0.60} 0-1

[Event "Rapid Shavuot-A 2023"]
[Site "Ramat Gan"]
[Date "2023.05.25"]
[Round "1.6"]
[White "Levin, Guy"]
[Black "Kereth, Oren"]
[Result "1-0"]
[ECO "A07"]
[WhiteElo "2424"]
[BlackElo "2080"]
[Annotator "TA"]
[PlyCount "76"]
[EventDate "2023.05.19"]
[EventType "swiss"]
[EventCountry "ISR"]
[SourceTitle "playchess.com"]
[Source "ChessBase"]
[SourceQuality "1"]
[TimeControl "900+5"]

1. Nf3 Nf6 2. g3 d5 3. Bg2 Bf5 4. O-O e6 5. d3 Be7 6. b3 {[%emt 0:00:01] A07: Réti Opening: New York and Capablanca Systems.} O-O 7. Bb2 Nbd7 8. Nbd2 {[%emt 0:00:02] The position is equal.} a5 9. a3 h6 10. Re1 Nc5 11. c4 c6 12. Qc2 {[%emt 0:00:26] [#]} b5 $146 (12... Ncd7 $11) ({Predecessor:} 12... Bh7 13. Bc3 Ne8 14. b4 axb4 15. axb4 Rxa1 16. Rxa1 Na6 17. Qb2 Bf6 18. Ne5 Nd6 19. Nxc6 Bxc3 20. Qxc3 bxc6 21. Rxa6 {1-0 Schuh,K (2243)-Egle,M (2120) Oberliga Wuerttemberg 1617 2016 (6.3)}) 13. Nd4 Qb6 14. Nxf5 exf5 15. Bd4 {[%emt 0:00:12] cxd5 would be deadly.} Qc7 16. cxb5 Ne6 (16... cxb5 $142 17. Nf1 Rfc8) 17. Nf3 (17. Qxc6 $2 Qxc6 18. bxc6 Nxd4 $19) ({Better is} 17. Bxf6 $1 Bxf6 18. Rac1) 17... cxb5 $16 18. Qb2 (18. Qxc7 $16 Nxc7 19. Ne5) 18... Rac8 19. Rec1 {[%emt 0:00:15] Dodges b4} Qd7 20. Bc3 a4 (20... b4 $14 21. axb4 axb4) 21. Bh3 {[%emt 0:00:20] A strong pair of Bishops.} ({White should play} 21. Nd4 $16) 21... Nc5 $2 {[%emt 0:00:45] [#] Loses the game.} (21... Ng4 $11 {and Black is okay.}) 22. Nd4 $1 $18 g6 {[%emt 0:00:05] [#]} 23. b4 Nb7 {[%emt 0:00:05] [#]} (23... Ne6 24. Nxf5 {[%mdl 64] Discovered Attack} gxf5) 24. Nxf5 $1 {[%emt 0:00:04][%mdl 576] Discovered Attack} gxf5 25. Bxf6 Nd6 26. Qe5 Bxf6 27. Qxf6 Qe6 28. Qh4 Rxc1+ 29. Rxc1 Kg7 30. e3 Qf6 31. Qf4 Rc8 32. Rc5 ({Don't do} 32. Rxc8 Nxc8 33. Bxf5 Nd6 $18) 32... Rxc5 33. bxc5 {[%emt 0:00:01][%cal Bb4c5,Bc5c6,Bc6c7][%mdl 4128] Endgame KQB-KQN} Qa1+ (33... Nb7 $142 34. d4 (34. Qxf5 Qxf5 35. Bxf5 Nxc5 $17) 34... Na5) 34. Kg2 {[%emt 0:00:02] Active counter play!} Ne8 35. Bxf5 Qxa3 36. Qe5+ Nf6 37. c6 Qc5 38. c7 a3 {[%emt 0:00:06] Weighted Error Value: White=0.13 (very precise) /Black=0.51} 1-0

[Event "Rapid Shavuot-A 2023"]
[Site "Ramat Gan"]
[Date "2023.05.25"]
[Round "1.7"]
[White "Stolyarsky, Yegor"]
[Black "Mesropov, Konstantin"]
[Result "0-1"]
[ECO "A44"]
[WhiteElo "2051"]
[BlackElo "2437"]
[Annotator "TA"]
[PlyCount "112"]
[EventDate "2023.05.19"]
[EventType "swiss"]
[EventCountry "ISR"]
[SourceTitle "playchess.com"]
[Source "ChessBase"]
[SourceQuality "1"]
[TimeControl "900+5"]

1. d4 c5 2. d5 e5 3. c4 d6 4. Nc3 Be7 5. g3 Bg5 6. e3 {[%emt 0:00:03] A44: Semi-Benoni.} h5 (6... Bh6 $14) 7. h4 $16 Bh6 8. Qxh5 {[%emt 0:00:53] White is clearly better.} Nf6 {[%emt 0:00:07] [#]} 9. Qd1 $146 ({Predecessor:} 9. Qe2 Bg4 10. f3 Bf5 11. e4 Bxc1 12. Rxc1 Bg6 13. Bh3 Nh5 14. Qf2 Na6 15. a3 {1-0 Yu,J (2315)-Khrapko,M (2065) Isolated Queens Internet op 2nd 2020 (6)}) 9... e4 10. Qc2 Qe7 11. Bg2 Bf5 12. Bd2 (12. Bh3 $16 g6 13. Bxf5 gxf5 14. b3) 12... g6 13. O-O-O Na6 (13... Nbd7 $14) 14. a3 Nc7 15. Nh3 O-O-O 16. b4 (16. Rdf1 $16) 16... cxb4 $14 17. axb4 Kb8 18. Kb2 (18. Qa2 $14) 18... Bg7 $11 19. Ra1 Rc8 20. Qa4 {[%emt 0:00:59] [#]} (20. Kb1 $1 $11 {remains equal.}) 20... a6 $1 $17 {[%emt 0:00:01][%cal Of6d5][%mdl 1024] Hoping for ...Nfxd5! Black has strong compensation.} 21. Nf4 (21. Qb3 $15) 21... Nd7 (21... Na8 $17 {White must now prevent ...Nb6.} 22. Qa5 Rxc4) 22. Qa5 {[%emt 0:00:36] [#] This move loses the game for White.} (22. Rhc1 $15) 22... Ne5 $1 $19 23. Bf1 (23. Nxe4 $2 Nxc4+ 24. Kc1 Nxa5 $19) 23... g5 (23... Nf3 24. Kc1 $17) 24. Ng2 Nf3 25. Be1 (25. Kc2 {was the only defense.} Nxd2 26. Kxd2) 25... Qe5 26. Qa3 {[%emt 0:00:01] [#]} (26. b5 $142 Nxe1 27. Nxe1) 26... Nxd5 $1 {[%emt 0:00:20][%mdl 512] Threatens to win with ...Nxe1.} 27. cxd5 (27. Rd1 Nb6) 27... Nxe1 28. Rc1 Nd3+ 29. Bxd3 exd3 30. Rhd1 {[%emt 0:00:12] White is weak on the light squares} Qxd5 31. e4 Bxe4 {[%emt 0:00:10] This pair of bishops is nice.} 32. Ne3 Qe6 33. Qb3 d5 {[%emt 0:01:28] And now ...Rxc3 would win.} 34. Ka3 gxh4 35. gxh4 Rxh4 36. Nexd5 f5 37. Nxe4 {[%emt 0:00:05] Nc5 would be deadly.} fxe4 ({Weaker is} 37... Qxe4 38. Rxc8+ Kxc8 39. Rxd3 $17) 38. Rxc8+ Qxc8 39. Nb6 (39. Ne7 $142 Qc3 40. Qxc3 Bxc3 41. Kb3) 39... Qc3 40. Qxc3 Bxc3 {[%emt 0:00:01][%mdl 4096] Endgame KRB-KRN} 41. Rc1 d2 42. Rd1 {[%emt 0:00:08] [#]} Bxb4+ $1 {[%emt 0:00:14][%mdl 576] Decoy, Promotion} 43. Kb3 a5 44. Nd5 {[%emt 0:00:02] Inhibits Rf4.} Rh3+ 45. Kc4 Rd3 {[%emt 0:00:10][%cal Ob7b5] ( -> ...b5+!)} 46. Nxb4 axb4 {[%emt 0:00:01] Black mates.} 47. Kxb4 {[%emt 0:00:04] KR-KR} Kc7 48. Kc4 Rd6 49. Kc3 Kc6 50. Rxd2 Rxd2 51. Kxd2 {[%emt 0:00:01] KPP-KP} Kd5 52. Kc3 Ke5 53. Kc4 Kf4 54. Kd5 Kf3 55. Kd4 b5 ({Worse is} 55... Kxf2 56. Kxe4 Kg3 57. Kf5 $11) 56. Ke5 b4 $1 {[%emt 0:00:02] Ingenious play by Mesropov!   Weighted Error Value: White=0.89/Black=0.55} ({Not} 56... Kxf2 57. Kxe4 Kg3 58. Kf5 $11) 0-1

[Event "Rapid Shavuot-A 2023"]
[Site "Ramat Gan"]
[Date "2023.05.25"]
[Round "1.8"]
[White "Mindlin, Alon"]
[Black "Katz, Kiril"]
[Result "1-0"]
[ECO "C45"]
[WhiteElo "2435"]
[BlackElo "2016"]
[Annotator "TA"]
[PlyCount "57"]
[EventDate "2023.05.19"]
[EventType "swiss"]
[EventCountry "ISR"]
[SourceTitle "playchess.com"]
[Source "ChessBase"]
[SourceQuality "1"]
[TimeControl "900+5"]

1. e4 e5 2. Nf3 Nc6 3. d4 exd4 4. Nxd4 Bb4+ 5. c3 Bc5 6. Be3 {[%emt 0:00:01] [#] Strongly threatening Nxc6.} Bb6 {[%emt 0:00:01] The position is equal. C45: Scotch Game.} 7. Nd2 Nf6 {[%emt 0:00:08] Prevents Qg4.} 8. Bc4 O-O 9. O-O Nxd4 10. Bxd4 Bxd4 11. cxd4 {[%emt 0:00:02] [#]} Nxe4 $146 {[%emt 0:00:53][%mdl 64] [#] Remove Defender, Decoy} ({Predecessor:} 11... d5 12. exd5 Nxd5 13. Qf3 Nb6 14. Qc3 Nxc4 15. Nxc4 Be6 16. Rfd1 Qg5 17. Rac1 c6 {0-1 Saya,E (2228)-Ternault,M (2324) C'Chartres Blitz op 2020 (3)}) 12. Nxe4 {[%emt 0:00:21] And now Qf3 would win.} d5 13. Bd3 {[%emt 0:00:02] aiming for Nd2.} dxe4 14. Bxe4 Re8 15. Qc2 h6 16. Rad1 Qd6 17. h3 c6 18. d5 c5 19. Bf3 b6 20. Rd2 Bb7 21. Rfd1 Re5 22. a4 Rae8 {[%emt 0:00:29] ( -> ...Re1+)} 23. g3 Re1+ 24. Rxe1 Rxe1+ 25. Kg2 Re5 26. Qb3 Bc8 27. a5 Bf5 28. Qa4 {[%emt 0:00:56] Qc6 is the strong threat.} Bd7 {[%emt 0:00:47] Repels Qc6} 29. Qa3 {[%emt 0:01:16][%mdl 32768] Not much happened in this game.   Weighted Error Value: White=0.04 (flawless) /Black=0.02 (flawless) . Loss on time!?} 1-0

[Event "Rapid Shavuot-A 2023"]
[Site "Ramat Gan"]
[Date "2023.05.25"]
[Round "1.9"]
[White "Lebedinsky, Eduard"]
[Black "Veinberg, Nimrod"]
[Result "0-1"]
[ECO "E35"]
[WhiteElo "2122"]
[BlackElo "2410"]
[Annotator "TA"]
[PlyCount "122"]
[EventDate "2023.05.19"]
[EventType "swiss"]
[EventCountry "ISR"]
[SourceTitle "playchess.com"]
[Source "ChessBase"]
[SourceQuality "1"]
[TimeControl "900+5"]

1. d4 Nf6 2. c4 e6 3. Nc3 Bb4 4. Qc2 d5 5. cxd5 exd5 6. Bg5 c5 7. dxc5 h6 8. Bxf6 {[%emt 0:00:07] E35: Nimzo-Indian: Classical: 4...d5 5 cxd5 exd5.} Qxf6 9. e3 Bf5 (9... O-O $11 {remains equal.}) 10. Bd3 {[%emt 0:00:40] [#]} ({White should try} 10. Bb5+ $16 Nc6 11. Qb3 Bxc3+ 12. Qxc3) 10... Bxd3 $146 ({Predecessor:} 10... Bxc3+ 11. bxc3 Bxd3 12. Qxd3 Qc6 13. Ne2 Na6 14. Rd1 Rd8 15. Qd4 O-O 16. Nf4 Nxc5 17. Nxd5 {½-½ Sumets,A (2534)-Abbasov,F (2552) La Fere op 7th 2008 (4)}) 11. Qxd3 Nd7 12. Nge2 (12. Qxd5 $2 {perishes.} Bxc3+ 13. Kf1 Qa6+ 14. Ne2 Bxb2 $19) (12. Rd1 {simplifies} Bxc3+ 13. Qxc3 Qxc3+ 14. bxc3 Rc8 15. Rxd5 Rxc5 16. Rxc5 Nxc5 17. Ke2) 12... O-O 13. O-O Nxc5 14. Qxd5 Rfd8 15. Qc4 Bxc3 16. Qxc3 Qxc3 17. Nxc3 Rd2 18. b4 Nd3 19. a3 a5 20. Ne4 Rc2 21. b5 Re8 22. Rfd1 Rxe4 23. Rxd3 $14 {[%emt 0:00:01][%mdl 4096] Endgame KRR-KRR} Rb2 24. a4 $2 {[%emt 0:00:22][%mdl 8192] [#] White does not recover from this.} (24. Rd8+ $14 {keeps the upper hand.} Kh7 25. Rd7) 24... Rxa4 $3 $19 {[%emt 0:00:05][%mdl 576] Deflection, Back Rank} 25. Rad1 (25. Rd8+ Kh7) 25... Raa2 ({Worse is} 25... Rxb5 26. R3d2 $19) 26. Rf1 ({Much worse is} 26. Rd8+ Kh7 27. Rf1 Rxb5 $19) 26... Rxb5 27. Rd8+ Kh7 28. Rd7 (28. g4 {keeps fighting.}) 28... Kg6 {[%emt 0:00:00] aiming for ...a4.} 29. Rfd1 Rbb2 30. R7d6+ Kh7 31. R6d4 Rxf2 32. Rg4 b5 33. Rd5 b4 {[%emt 0:00:00] White must now prevent ...Rfd2.} 34. Rb5 Rf6 35. h4 Rg6 36. Rxg6 Kxg6 {[%emt 0:00:00] KR-KR} 37. h5+ Kf6 38. e4 Re2 39. Rxa5 Rxe4 40. Rb5 Re5 41. Rxb4 Rxh5 42. Kf2 Ra5 (42... Rf5+ $142 43. Ke3 Ra5) 43. g4 (43. Kg3 $142 g6 44. Rf4+ Kg7 45. Rc4) 43... Ra3 (43... Kg5 $142 44. Kg2 Kh4) 44. Rb5 g6 45. Kg2 Re3 {[%emt 0:00:00] Strongly threatening ...Re5.} 46. Kf2 Re5 47. Rb7 h5 48. gxh5 Rxh5 {[%emt 0:00:00] ( -> ...Re5)} 49. Kf3 Rh4 {[%emt 0:00:00] Black mates.} 50. Rb6+ Kg5 51. Rb5+ f5 52. Rb1 Rh3+ 53. Kg2 Ra3 54. Rb6 Kh5 55. Rb8 g5 56. Rb4 f4 57. Rb2 Kg4 58. Kf2 Rh3 59. Rb5 Rh2+ 60. Kg1 Ra2 61. Rb4 Kg3 {[%emt 0:00:00] Weighted Error Value: White=0.67/Black=0.35} 0-1